 Dungeon Crawl Stone Soup version 0.28-a0-925-gd5e1996cdb (webtiles) character file.

Game seed: 14958505668384561662

1 siradein the Charlatan (level 1, -1/15 HPs)
             Began as a Demonspawn Artificer on Nov 26, 2021.
             Slain by a hobgoblin (2 damage)
             ... on level 1 of the Dungeon.
             The game lasted 00:00:26 (193 turns).

siradein the Charlatan (Demonspawn Artificer)        Turns: 193, Time: 00:00:27

Health: -1/15      AC:  3    Str: 12    XL:     1   Next: 16%
Magic:  1/1        EV: 11    Int: 12    God:
Gold:   0          SH:  0    Dex: 13    Spells: 0/0 levels left

rFire   . . .      SeeInvis .   a - +0 club
rCold   . . .      Faith    .   (no shield)
rNeg    . . .      Spirit   .   b - +0 leather armour
rPois   .          Reflect  .   (no helmet)
rElec   .          Harm     .   (no cloak)
rCorr   .          Rampage  .   (no gloves)
Will    .....                   (no boots)
Stlth   +.........              (no amulet)
HPRegen 0.05/turn               (no ring)
MPRegen 0.07/turn               (no ring)

@: no status effects
A: no striking features
a: no special abilities


You were on level 1 of the Dungeon.
You visited 1 branch of the dungeon, and saw 1 of its levels.

Inventory:

Hand Weapons
 a - a +0 club (weapon)
Armour
 b - a +0 leather armour (worn)
Wands
 c - a wand of flame (15) (quivered)
 d - a wand of charming (15)
Miscellaneous
 e - a piece from Xom's chessboard (15/15)


   Skills:
 + Level 1.0 Fighting
 + Level 1.8 Armour
 + Level 0.9 Dodging
 - Level 0.8 Stealth
 + Level 3.0 Evocations


You couldn't memorise any spells.
You didn't know any spells.
Your spell library was empty.

Dungeon Overview and Level Annotations

Branches:
Dungeon (1/15)

Altars:


Message History

You barely miss the hobgoblin.
The hobgoblin hits you but does no damage.
The hobgoblin closely misses you.
You barely miss the hobgoblin. The hobgoblin hits you.
You hit the hobgoblin.
The hobgoblin is moderately wounded.
The hobgoblin hits you.
You hit the hobgoblin but do no damage.
The hobgoblin is moderately wounded.
The hobgoblin hits you but does no damage.
The hobgoblin barely misses you.
You hit the hobgoblin.
The hobgoblin is moderately wounded.
The hobgoblin hits you but does no damage.
You hit the hobgoblin but do no damage.
The hobgoblin is moderately wounded.
The hobgoblin hits you.
You barely miss the hobgoblin.
The hobgoblin is moderately wounded.
The hobgoblin closely misses you.
You closely miss the hobgoblin.
The hobgoblin is moderately wounded.
The hobgoblin hits you but does no damage.
The hobgoblin hits you.
* * * LOW HITPOINT WARNING * * *
You are too injured to fight recklessly!
You are too injured to fight recklessly!
You are too injured to fight recklessly!
You are too injured to fight recklessly!
You are too injured to fight recklessly!
You are too injured to fight recklessly!
You are too injured to fight recklessly!
You closely miss the hobgoblin.
The hobgoblin is moderately wounded.
The hobgoblin hits you.
* * * LOW HITPOINT WARNING * * *
You barely miss the hobgoblin.
The hobgoblin is lightly wounded.
The hobgoblin hits you.
You die...

..#..l.#..## ##...###.####...##
.....#..r.## ##..#.##..##..⌠..#
..######g..###...##...###.....#
.## ##.g.)...###...#.##...## .#
##.....## ###..#####..# #+
####..### #...###...# #
#.#..##S# ##...#..###
#..##gg### ##....#.# ##.#..#@.#
##+#.##### #...###.##
##+####...## #.###
#..###..###.....# ###
#..##..##....<..#
##...#...#.#...##
###############


You could see 2 hobgoblins and a ball python.

Vanquished Creatures
  A bat (D:1)
1 creature vanquished.

Notes
Turn   | Place    | Note
-------+----------+-------------------------------------------
     0 | D:1      | siradein the Demonspawn Artificer began the quest for the
                  | Orb.
     0 | D:1      | Reached XP level 1. HP: 15/15 MP: 1/1
   193 | D:1      | Slain by a hobgoblin

Illustrated notes

Levels and vault maps discovered:
D:1:      dpeg_cavernosity, layout_basic, hellmonk_ecumenical_altar_run_dry,
          serial_shops, shop

Action                   || total
-------------------------++-------
Melee: Club              ||    16
Armor: Leather armour    ||     6
Dodge: Dodged            ||     9

Table legend: (Time is in decaauts)
 A = Elapsed time spent in this place.
 B = Non-inter-level travel time spent in this place.
 C = Inter-level travel time spent in this place.
 D = Time resting spent in this place.
 E = Time spent auto-exploring this place.
 F = Levels seen in this place.
 G = Mean time per level.
                   A        B        C        D        E       F      G
               +--------+--------+--------+--------+--------+-----+--------+
         Total |    197 |    197 |      0 |      0 |    135 |   1 |  197.0 |
       Dungeon |    197 |    197 |      0 |      0 |    135 |   1 |  197.0 |
               +--------+--------+--------+--------+--------+-----+--------+

Top non-repeatable levels by time:
     D:1: 197 daAuts
